 Dungeon Crawl Stone Soup version 0.17.0-28-g6e173f8 (webtiles) character file.

102 Ijustatesigmund the Skirmisher (level 4, -6/29 HPs)
             Began as a Gargoyle Monk on Nov 26, 2015.
             Killed from afar by an orc wizard (7 damage)
             ... with a magic dart
             ... on level 2 of the Dungeon.
             The game lasted 00:07:11 (2122 turns).

Ijustatesigmund the Skirmisher (Gargoyle Monk)      Turns: 2122, Time: 00:07:12

Health: -6/29      AC:  8    Str: 21    XL:     4   Next: 78%
Magic:  4/4        EV: 12    Int: 11    God:
Gold:   208        SH:  0    Dex: 12    Spells: 0 memorised, 3 levels left

rFire  . . .     SeeInvis .     l - +0 whip
rCold  . . .     Clarity  .     a - +0 robe
rNeg   + . .     SustAt   .     (no shield)
rPois  ∞         Gourm    .     (no helmet)
rElec  +         Spirit   .     (no cloak)
rCorr  .         Warding  .     (no gloves)
rMut   .         Stasis   .     f - +2 pair of boots {Fly}
MR     .....                    m - amulet of rage
Stlth  ++........               (no ring)
                                i - +6 ring of strength

@: not resistant to hostile enchantments, unstealthy
A: negative energy resistance 1, electricity resistance, unbreathing,
petrification resistance, rot immunity, AC +3
a: Evoke Berserk Rage, Evoke Flight


You were on level 2 of the Dungeon.
You were not hungry.

You visited 1 branch of the dungeon, and saw 3 of its levels.

You collected 208 gold pieces.

Inventory:

Hand Weapons
 l - a +0 whip (weapon)
Missiles
 e - 2 tomahawks (quivered)
Armour
 a - a +0 robe (worn)
 f - a +2 pair of boots of flying (worn)
Jewellery
 g - an uncursed amulet of stasis
 i - a +6 ring of strength (left hand)
 m - an amulet of rage (around neck)
Scrolls
 c - 2 scrolls of remove curse
 k - a scroll of identify
Potions
 h - a potion of magic
Comestibles
 b - a bread ration
 d - a meat ration
 j - a royal jelly
 n - a fruit


   Skills:
 - Level 4.1 Fighting
 + Level 3.0 Maces & Flails
 - Level 2.4 Dodging
 - Level 3.2 Stealth
 - Level 4.0 Unarmed Combat


You had 3 spell levels left.
You didn't know any spells.

Dungeon Overview and Level Annotations

Branches:
Dungeon (3/15)

Altars:
Ashenzari


Innate Abilities, Weirdness & Mutations

You are resistant to torment.
Your stone body is resilient (AC +3).
You are immune to poison.
You resist negative energy.
You are resistant to electric shocks.
You can survive without breathing.
You are immune to petrification.
You are immune to rotting.


Message History

Something hits you but does no damage. Something hits you but does no damage.
A goblin comes into view. It is wielding a club.
There is an open door here.
You hear some strange, mumbled words.
A puff of frost appears from out of thin air!
The puff of frost hits you!
You hear some strange, mumbled words.
A puff of frost appears from out of thin air!
The puff of frost hits you!
* * * LOW HITPOINT WARNING * * *
You catch the helpless goblin momentarily off-guard.
You hit the goblin.
You kill the goblin!
Your Maces & Flails skill increases to level 3!
Something hits you.
* * * LOW HITPOINT WARNING * * *
A magic dart appears from out of thin air!
The magic dart hits you!
You die...

...# ...# ...# ...# ...#
#### ####### #######
#########.....#######.....#
.....(..........@...'..[>.#
######.##.!....######.....#
(# #.##...)....# #.....# ##
[## #.##........# #.....#
#. ..# #.##........#
#.....# #.
#.####.#######.######.....#
#. ._..##'#####
#.......###### #.
#.#.#......# #######.# #.
#...#[.....# #.# #.


There were no monsters in sight!

Vanquished Creatures
  Natasha (D:2)
  3 adders (D:2)
  2 worms (D:2)
  A giant gecko (D:2)
  An orc (D:2)
  A ball python (D:2)
  2 bats
  2 giant cockroaches
  5 goblins
  2 hobgoblins
  8 kobolds
  2 giant newts
  7 jackals (D:2)
  7 rats
44 creatures vanquished.

Notes
Turn   | Place    | Note
--------------------------------------------------------------
     0 | D:1      | Ijustatesigmund the Gargoyle Monk began the quest for the Orb.
     0 | D:1      | Reached XP level 1. HP: 14/14 MP: 1/1
   210 | D:1      | Reached XP level 2. HP: 19/19 MP: 2/2
   519 | D:2      | Reached XP level 3. HP: 18/24 MP: 3/3
   695 | D:2      | Found a shattered altar of Ashenzari.
   792 | D:2      | Reached skill level 1 in Maces & Flails
  1240 | D:2      | Noticed Natasha
  1254 | D:2      | Killed Natasha
  1254 | D:2      | Reached XP level 4. HP: 12/29 MP: 4/4
  2120 | D:2      | HP: 1/29 [something/puff of frost (8)]
  2122 | D:2      | Killed from afar by an orc wizard

Action                   |  1- 3 |  4- 6 || total
-------------------------+-------+-------++-------
Melee: Unarmed           |    16 |       ||    16
       Whip              |   114 |    82 ||   196
Throw: Tomahawk          |       |     2 ||     2
 Abil: Stop Flying       |     1 |       ||     1
  Use: Scroll            |     7 |       ||     7
 Stab: Sleeping          |     4 |     1 ||     5
       Distracted        |       |     1 ||     1
  Eat: Chunk             |     1 |     3 ||     4
